 Dungeon Crawl Stone Soup version 0.21-a0-70-g32e1473 (webtiles) character file.

11 KristoblXynda the Cutter (level 2, -4/17 HPs)
             Began as a Kobold Gladiator on June 18, 2017.
             Was an Initiate of Nemelex Xobeh.
             Killed from afar by Sigmund (7 damage)
             ... with a magic dart
             ... on level 2 of the Dungeon.
             The game lasted 00:01:53 (564 turns).

KristoblXynda the Cutter (Kobold Gladiator)          Turns: 564, Time: 00:01:54

Health: -4/17      AC:  4    Str: 11    XL:     2   Next: 40%
Magic:  11/11      EV: 16    Int:  9    God:    Nemelex Xobeh [......]
Gold:   25         SH:  0    Dex: 16    Spells: 1/1 levels left

rFire    . . .     SeeInvis .   j - +1 short sword (speed)
rCold    . . .     Gourm    .   (shield restricted)
rNeg     . . .     Faith    .   b - +0 leather armour
rPois    .         Spirit   .   c - +0 helmet
rElec    .         Reflect  .   (no cloak)
rCorr    .         Harm     .   (no gloves)
MR       .....                  (no boots)
Stlth    +.........             (no amulet)
HPRegen  0.05/turn              l - ring of magical power
MPRegen  0.12/turn              (no ring)

@: confused, flying
A: carnivore 3
a: Renounce Religion


You were on level 2 of the Dungeon.
You worshipped Nemelex Xobeh.
Nemelex Xobeh was noncommittal.
You were full.

You visited 1 branch of the dungeon, and saw 2 of its levels.

You collected 25 gold pieces.

Inventory:

Hand Weapons
 a - a +0 rapier
 j - a +1 short sword of speed (weapon)
Missiles
 d - 3 throwing nets (quivered)
Armour
 b - a +0 leather armour (worn)
 c - a +0 helmet (worn)
Jewellery
 l - a ring of magical power (left hand)
Scrolls
 e - a scroll of immolation {unknown}
 g - a scroll of fog {unknown}
 h - a scroll of amnesia {unknown}
Comestibles
 f - 2 meat rations
 k - a royal jelly


   Skills:
 - Level 2.1 Fighting
 + Level 4.3 Short Blades
 - Level 2.1 Throwing
 + Level 3.9 Dodging
 + Level 1.3 Stealth


You had one spell level left.
You didn't know any spells.

Dungeon Overview and Level Annotations

Branches:
Dungeon (2/15)

Altars:
Dithmenos
Fedhas
Nemelex Xobeh

Annotations:
D:2 Sigmund


Innate Abilities, Weirdness & Mutations

You are small and have problems with some larger weapons.
You are carnivorous and can eat meat at any time.


Message History

Unknown command.
You closely miss Sigmund. You hit Sigmund.
Sigmund is lightly wounded.
Sigmund hits you with a scythe of protection!
You hit Sigmund.
Sigmund is moderately wounded.
You hit Sigmund but do no damage.
Sigmund is moderately wounded.
Sigmund hits you from afar with a scythe of protection!
* * * LOW HITPOINT WARNING * * *
Sigmund points at you and mumbles some strange words.
You resist with significant effort. Sigmund casts a spell at you.
You are confused.
You bump into the rock wall.
Sigmund gestures at you while chanting. The magic dart hits you!
You die...
Your body disappears without a glow.

. . .
################ [
#.(.......@...@# .
#.############.# .
#.#(.........#.#
.##.#.######...#.#
.'@.#.#..<..._...#
.####.#.#........##
. #.#.#.........# .
#.#.#....8.._.# .
#.#...........#


You could see Sigmund.

Vanquished Creatures
  A leopard gecko (D:1)
  A bat (D:1)
  2 hobgoblins (D:1)
  A frilled lizard (D:1)
  2 goblins (D:1)
  A kobold (D:1)
  3 rats (D:1)
11 creatures vanquished.

Notes
Turn   | Place    | Note
-------+----------+-------------------------------------------
     0 | D:1      | KristoblXynda the Kobold Gladiator began the quest for the Orb.
     0 | D:1      | Reached XP level 1. HP: 12/12 MP: 1/1
   191 | D:1      | Reached skill level 1 in Stealth
   191 | D:1      | Reached XP level 2. HP: 17/17 MP: 2/2
   474 | D:2      | Found a shadowy altar of Dithmenos.
   474 | D:2      | Found a sparkling altar of Nemelex Xobeh.
   474 | D:2      | Found a blossoming altar of Fedhas.
   486 | D:2      | Became a worshipper of Nemelex Xobeh the Trickster
   534 | D:2      | Noticed Sigmund
   564 | D:2      | Killed from afar by Sigmund

Vault maps used:
D:1:      sevenhm_arrival_forest_fort_large_2
D:2:      old_standard_altar, grunt_temple_overflow_open, first_bread,
          dk_yredelemnul_ordeal, uniq_sigmund

Skill      XL: |  1 |
---------------+----+-----
Stealth        | 1 |  1.3
Fighting       | |  2.1
Short Blades   | |  4.3
Throwing       | |  2.1
Dodging        | |  3.9

Action                   || total
-------------------------++-------
Melee: Rapier            ||    29
       Short sword       ||     7
  Use: Potion            ||     3
 Stab: Sleeping          ||     1
  Eat: Chunk             ||     4
Armor: Leather armour    ||     5
Dodge: Dodged            ||    37
